 Dungeon Crawl Stone Soup version 0.29.1-15-g9cfb28693d (webtiles) character file.

Game seed: 9149852438456021099

9655 Peloso the Carver (level 11, -1/95 HPs)
             Began as a Minotaur Fighter on Apr 15, 2023.
             Was an Elder of Okawaru.
             Succumbed to poison (poison gas)
             ... on level 4 of the Dungeon.
             The game lasted 00:19:19 (10222 turns).

Peloso the Carver (Minotaur Fighter)               Turns: 10222, Time: 00:19:20

Health: -1/95      AC: 19    Str: 29      XL:     11   Next: 25%
Magic:  13/13      EV:  9    Int:  5      God:    Okawaru [****..]
Gold:   336        SH:  6    Dex: 11 (12) Spells: 10/10 levels left

rFire   . . .      SeeInvis .   a - +3 falchion (venom)
rCold   . . .      Faith    .   d - +0 buckler
rNeg    . . .      Spirit   .   E - +1 plate armour
rPois   .          Reflect  .   (helmet restricted)
rElec   .          Harm     .   (no cloak)
rCorr   .          Rampage  .   (no gloves)
Will    +....                   h - +2 pair of boots
Stlth   ..........              (no amulet)
HPRegen 0.25/turn               g - ring of willpower
MPRegen 0.13/turn               j - +6 ring of strength

@: lethally poisoned (-1 -> -24), hasted, very quick
A: horns 2, retaliatory headbutt
a: Renounce Religion, Heroism, Finesse


You were on level 4 of the Dungeon.
You worshipped Okawaru.
Okawaru was greatly pleased with you.
You visited 2 branches of the dungeon, and saw 9 of its levels.
You also visited: Bailey.

You collected 336 gold pieces.

Inventory:

Hand Weapons
 a - a +3 falchion of venom (weapon)
 b - a +1 broad axe of flaming
Armour
 c - a +0 chain mail
 d - a +0 buckler (worn)
 h - a +2 pair of boots (worn)
 E - a +1 plate armour (worn)
Jewellery
 g - a ring of willpower (left hand)
 j - a +6 ring of strength (right hand)
 u - a +4 ring of evasion
Wands
 f - a wand of mindburst (27)
 p - a wand of quicksilver (9)
 y - a wand of paralysis (2)
 z - a wand of flame (10)
 B - a wand of digging (4)
Scrolls
 l - a scroll of brand weapon
 m - a scroll of butterflies
 n - 6 scrolls of immolation
 r - 2 scrolls of magic mapping
 s - 4 scrolls of fear
 w - a scroll of identify
 x - 2 scrolls of amnesia
Potions
 e - a potion of experience
 k - 2 potions of magic
 q - 2 potions of mutation
 t - a potion of brilliance {unknown}
 v - 2 potions of heal wounds {unknown}
 A - 2 potions of resistance
 D - a potion of haste
 G - a potion of invisibility {unknown}


   Skills:
 + Level 8.8 Fighting
 + Level 12.5 Long Blades
 + Level 10.8 Armour
 + Level 4.7 Dodging
 + Level 3.9 Stealth
 + Level 8.7 Shields
 + Level 4.7 Invocations
 + Level 0.8 Evocations


You had 10 spell levels left.
You didn't know any spells.
Your spell library contained the following spells:

 Spells                   Type           Power      Damage    Failure   Level
 Beastly Appendage        Tmut           0%         N/A       99%         1
 Necrotise                Necr           0%         1d4       99%         1
 Slow                     Hex            0%         N/A       99%         1
 Blink                    Tloc           0%         N/A       100%        2
 Ensorcelled Hibernation  Hex/Ice        0%         N/A       100%        2
 Wereblood                Tmut           0%         N/A       100%        2
 Confusing Touch          Hex            0%         N/A       100%        3
 Spider Form              Tmut/Pois      0%         N/A       100%        3
 Vampiric Draining        Necr           0%         2d6       100%        3
 Anguish                  Hex/Necr       0%         N/A       100%        4
 Agony                    Necr           0%         N/A       100%        5
 Manifold Assault         Tloc           0%         N/A       100%        5
 Storm Form               Tmut/Air       0%         N/A       100%        7


Dungeon Overview and Level Annotations

Branches:
Dungeon (8/15)             Temple (1/1) D:5          Bailey (visited)
   Lair: D:8-11

Altars:
Ashenzari
Cheibriados
Dithmenos
Elyvilon
Fedhas
Gozag
Hepliaklqana
Kikubaaqudgha
Nemelex Xobeh
Okawaru
Qazlal
Ru
Trog
Vehumet
Wu Jian
Xom
Yredelemnul

Shops:
D:2 [   D:7 (

Annotations:
D:4 1 transporter


Innate Abilities, Weirdness & Mutations

You have a pair of horns on your head.
You reflexively headbutt those who attack you in melee.


Message History

* * * LOW HITPOINT WARNING * * *
You feel very sick.
You are confused.
You feel invigorated.
* * * LOW HITPOINT WARNING * * *
You feel very sick.
The gnoll sergeant zombie hits you but does no damage.
You are lethally poisoned!
Unknown command.
* * * LOW HITPOINT WARNING * * *
You feel very sick.
The gnoll sergeant zombie barely misses you.
You feel sick.
The gnoll sergeant zombie hits you but does no damage.
You are lethally poisoned!
Things that are here:
a +0 giant spiked club of venom; a +1 flail of venom; a +0 giant club of venom
* * * LOW HITPOINT WARNING * * *
You feel very sick.
The gnoll sergeant zombie hits you but does no damage.
You are more poisoned.
Unknown command.
You're too confused to move!
* * * LOW HITPOINT WARNING * * *
You feel very sick.
Unknown command.
You are engulfed in poison gas.
You are more poisoned.
* * * LOW HITPOINT WARNING * * *
x2 You feel extremely sick.
The gnoll sergeant zombie closely misses you.
There is an open gate here.
You feel less invigorated.
You feel less confused.
You feel like a meek peon again.
* * * LOW HITPOINT WARNING * * *
You feel very sick.
The gnoll sergeant zombie barely misses you.
Unknown command.
It was a potion of haste.
You feel yourself speed up.
You die...

..........# ##.©................
..#######.##################.....
#..........#○°○?©$○○°##......)...
PP.PPPPPPP.#°○○$[$☼○○##..........
.........P.#☼☼☼...°°○##.......#..
PPPP.PPP.P.#°☼°○○☼○○☼##.......#..
...P.P...P.#.☼°○○☼○☼°#........#..
.P.P.PPP.P.####°○°####........#..
.P...P.P.P.##.☼.@Z○○##....#####..
.PPPPP.P.P..#○.#)#○○##....##....#
...P.....P..#☼○...°○##....##.....
.P.P.PPP.P..#○°#©#☼.##.##'#######
.P.P.P.P.P..#○☼○°○☼○##.#≈.≈§≈≈≈≈≈
.P.P.P.PPP..#☼.○☼○.○##.#§.§......
.P.P........############§.≈≈≈≈≈≈§
PP.PPPPPPP..###.©..# #≈§≈.....≈
.........##...#....# #§§≈.≈§≈.§


You could see a gnoll sergeant zombie.

Vanquished Creatures
  2 vault guards (Bailey)
  Maggie (D:7)
  Prince Ribbit (Bailey)
  6 yaks (D:7)
  3 humans (Bailey)
  Eustachio (D:4)
  Menkaure (D:7)
  Duvessa (D:7)
  2 water moccasins
  2 orc warriors
  2 sky beasts
  2 ogres (D:4)
  3 centaurs
  7 bullfrogs
  3 wights
  Dowan (D:7)
  A jelly (D:5)
  3 orc priests
  6 hounds
  4 iguanas
  6 orc wizards
  2 ogre zombies (D:4)
  5 gnolls
  An orc zombie (D:4)
  4 adders
  A shadow imp (D:7)
  A white imp (D:6)
  2 ufetubi
  2 worms
  7 dart slugs
  26 orcs
  3 bats (D:1)
  3 endoplasms
  3 giant cockroaches
  9 goblins
  6 hobgoblins
  6 jackals (D:1)
  5 quokkas
  6 ball pythons
  9 kobolds
  4 rats
163 creatures vanquished.

Vanquished Creatures (others)
  17 plants
17 creatures vanquished.

Grand Total: 180 creatures vanquished

Notes
Turn   | Place    | Note
-------+----------+-------------------------------------------
     0 | D:1      | Peloso the Minotaur Fighter began the quest for the Orb.
     0 | D:1      | Reached XP level 1. HP: 19/19 MP: 0/0
   467 | D:1      | Reached XP level 2. HP: 27/27 MP: 1/1
   994 | D:1      | Found a faded altar of an unknown god.
  1072 | D:1      | Reached XP level 3. HP: 32/33 MP: 2/2
  1130 | D:1      | Reached skill level 3 in Long Blades
  1451 | D:2      | Found Inoepseo's Antique Armour Emporium.
  2643 | D:3      | Reached XP level 4. HP: 38/40 MP: 3/3
  2660 | D:3      | Reached skill level 4 in Long Blades
  2930 | D:3      | Found a bloodstained altar of Trog.
  3091 | D:3      | Found a stormy altar of Qazlal.
  3646 | D:4      | Noticed an ogre
  3746 | D:4      | Reached XP level 5. HP: 46/46 MP: 4/4
  3855 | D:4      | Found a white marble altar of Elyvilon.
  3892 | D:4      | Reached skill level 5 in Long Blades
  3892 | D:4      | Reached skill level 5 in Armour
  4044 | D:5      | Entered Level 5 of the Dungeon
  4106 | D:5      | Found a staircase to the Ecumenical Temple.
  4128 | Temple   | Entered the Ecumenical Temple
  4148 | Temple   | Became a worshipper of Warmaster Okawaru
  4400 | D:5      | Reached XP level 6. HP: 44/53 MP: 5/5
  4580 | D:5      | Reached skill level 1 in Dodging
  4670 | D:5      | Reached skill level 6 in Long Blades
  4886 | D:5      | Reached skill level 1 in Stealth
  4951 | D:5      | Reached * piety under Okawaru
  5167 | D:5      | Reached skill level 5 in Shields
  5167 | D:5      | Reached XP level 7. HP: 33/60 MP: 6/6
  5765 | D:6      | Reached skill level 5 in Fighting
  5776 | D:6      | Reached skill level 7 in Long Blades
  6400 | D:7      | Reached XP level 8. HP: 28/68 MP: 7/7
  6626 | D:7      | Found a basalt altar of Yredelemnul.
  6728 | D:7      | Found a snail-covered altar of Cheibriados.
  6728 | D:7      | Noticed Menkaure
  6729 | D:7      | Found Dunluj's Antique Weapon Boutique.
  6732 | D:7      | Killed Menkaure
  6732 | D:7      | Reached ** piety under Okawaru
  6789 | D:7      | Reached skill level 8 in Long Blades
  7259 | D:7      | Noticed Dowan
  7259 | D:7      | Noticed Duvessa
  7266 | D:7      | Killed Dowan
  7282 | D:7      | Found a sacrificial altar of Ru.
  7303 | D:7      | Killed Duvessa
  7426 | D:7      | Noticed Maggie
  7609 | D:8      | Found a flagged portal.
  7637 | Bailey   | Entered a bailey
  7646 | Bailey   | Reached skill level 9 in Long Blades
  7742 | Bailey   | Reached XP level 9. HP: 67/75 MP: 6/8
  7908 | Bailey   | Reached skill level 1 in Invocations
  7944 | Bailey   | Reached *** piety under Okawaru
  8093 | Bailey   | Noticed Prince Ribbit
  8093 | Bailey   | Noticed a vault guard
  8106 | Bailey   | Killed a vault guard
  8107 | Bailey   | Reached skill level 10 in Long Blades
  8112 | Bailey   | Killed Prince Ribbit
  8184 | Bailey   | Noticed a vault guard
  8204 | Bailey   | Killed a vault guard
  8204 | Bailey   | Reached **** piety under Okawaru
  8205 | Bailey   | Reached skill level 11 in Long Blades
  8205 | Bailey   | Reached XP level 10. HP: 51/86 MP: 8/10
  8213 | Bailey   | Reached skill level 12 in Long Blades
  8213 | Bailey   | Reached skill level 10 in Armour
  8213 | Bailey   | Reached XP level 11. HP: 58/95 MP: 9/13
  8828 | D:7      | Killed Maggie
  9598 | D:4      | Found a shadowy altar of Dithmenos.
  9613 | D:4      | Found a transporter.
  9643 | D:4      | Noticed Eustachio
  9674 | D:4      | Killed Eustachio
  9902 | D:4      | Found a transporter.
 10221 | D:4      | HP: 4/95 [poison (poison gas)]
 10222 | D:4      | Succumbed to poison (poison gas)

Illustrated notes

Levels and vault maps discovered:
D:1:      psy_arrival_wood_between_worlds, layout_loops_corners,
          chequers_ecumenical_altar_grove
D:2:      layout_basic, serial_shops, nicolae_shop_trees
D:3:      wad_woods_pond, layout_basic, trog_three_pillars_becter,
          nicolae_qazlal_eye_of_the_storm
D:4:      gammafunk_cloud_chamber, layout_basic, nicolae_elyvilon_temple_path,
          mainiacjoe_overflow_six_doors_small, grunt_ministairs_7,
          kennysheep_small_spiral, minmay_hedge_maze, uniq_eustachio
D:5:      layout_gridville, minmay_temple_entry_statues_pillars,
          chequers_serial_rivers_small_b
D:6:      cheibrodos_quashed, layout_rooms, kennysheep_minor_cross
D:7:      layout_rooms, mainiacjoe_overflow_chevrons,
          mainiacjoe_overflow_catch_the_wave, serial_shops, shop, uniq_maggie,
          uniq_duvessa, uniq_menkaure
D:8:      layout_gridville, zin_treasury, lair_entry_dummy, enter_bailey_3
Temple:   nicolae_temple_x_marks_the_god

Skill      XL: |  1  2  3  4  5  6  7  8  9 10 |
---------------+-------------------------------+-----
Armour         | 4 5 6 7 9 10 | 10.8
Shields        | 4 5 6 8 |  8.7
Fighting       | 4 5 6 7 8 |  8.8
Long Blades    | 3 4 5 6 7 9 11 12 | 12.5
Dodging        | 1 2 4 |  4.7
Stealth        | 1 3 |  3.9
Invocations    | 2 4 |  4.7
Evocations     | |  0.8

Action                   |  1- 3 |  4- 6 |  7- 9 | 10-12 || total
-------------------------+-------+-------+-------+-------++-------
Melee: Long sword        |   131 |   154 |   226 |   110 ||   621
       Headbutt          |    14 |    25 |    46 |    33 ||   118
       Falchion          |       |       |       |    32 ||    32
Invok: Heroism           |       |       |    10 |     5 ||    15
Evoke: Wand              |       |       |     3 |       ||     3
  Use: Scroll            |     3 |       |     6 |     7 ||    16
       Potion            |       |     1 |     2 |     5 ||     8
Armor: Chain mail        |    79 |   115 |    58 |       ||   252
       Plate armour      |       |       |    50 |    73 ||   123
Dodge: Dodged            |    51 |    69 |    76 |    74 ||   270
Block: Buckler           |    33 |    49 |    56 |    38 ||   176
